 Dungeon Crawl Stone Soup version 0.14-a0-1876-g927fc3a (webtiles) character file.

85 4tharraofdagon the Ruffian (level 3, -1/36 HPs)
             Began as a Troll Chaos Knight on Jan 15, 2014.
             Was a Plaything of Xom.
             Slain by Grinder (2 damage)
             ... while paralysed by Grinder
             ... on Level 3 of the Dungeon.
             The game lasted 00:01:50 (338 turns).

4tharraofdagon the Ruffian (Troll Chaos Knight)      Turns: 338, Time: 00:01:50

HP  -1/36        AC 10     Str 19      XL: 3   Next: 50%
MP   2/2         EV  1     Int  8      God: Xom
Gold 37          SH  0     Dex  9      Spells:  0 memorised,  2 levels left

rFire  . . .     SeeInvis .       - Unarmed
rCold  . . .     Clarity  .     b - +2 robe
rNeg   . . .     Conserve .     (shield restricted)
rPois  .         rCorr    .     (helmet restricted)
rElec  .         rRot     .     (no cloak)
SustAb . .       Spirit   .     (gloves unavailable)
rMut   .         Warding  .     (boots unavailable)
Gourm  +         Stasis   .     (no amulet)
MR     .....                    (no ring)
                                j - +3 ring of protection

@: paralysed, not resistant to hostile enchantments, very unstealthy
A: unfitting armour, claws 3, fast metabolism 3, gourmand, regeneration 2,
saprovore 2, shaggy fur 1, tough skin 2, weak 1
a: Renounce Religion


You were on level 3 of the Dungeon.
You worshipped Xom.
You were a toy of Xom.
You were full.

You visited 1 branch of the dungeon, and saw 3 of its levels.

You collected 37 gold pieces.

Inventory:

Hand weapons
 h - a +1,+1 glaive of venom
Armour
 b - a +2 robe (worn)
Comestibles
 a - 3 meat rations
Scrolls
 c - a scroll of amnesia {unknown}
 e - a scroll of curse armour {unknown}
 f - a scroll of remove curse {unknown}
 i - a scroll of identify {unknown}
Jewellery
 j - a +3 ring of protection (left claw)
Potions
 d - 2 potions of curing
 g - a potion of speed {unknown}


   Skills:
 + Level 2.9 Fighting
 - Level 1.9 Dodging
 * Level 4.1 Unarmed Combat


You had 2 spell levels left.
You didn't know any spells.

Dungeon Overview and Level Annotations

Branches:
Dungeon (3/16)

Altars:

Annotations:
D:3 Grinder


Innate Abilities, Weirdness & Mutations

You are too large for most types of armour.
You have claws for hands.
Your metabolism is lightning-fast.
You like to eat raw meat.
You heal very quickly.
You can eat rotten meat.
You are covered in fur (AC +1).
You have very tough skin (AC +2).
You are weak. (Str -2)


Message History

Unknown command.
Unknown command.
Unknown command.
Unknown command.
Drink which item? (? for menu, Esc to quit)
You feel better.
It was a potion of curing.
Xom roars with laughter!
Unknown command.
Drink which item? (? for menu, Esc to quit)
You feel better. Grinder gestures at you.
You suddenly lose the ability to move!
Grinder completely misses you. Grinder hits you!
You writhe in agony.
* * * LOW HITPOINT WARNING * * *
Grinder hits you!
* * * LOW HITPOINT WARNING * * *
You writhe in agony.
You die...
Xom roars with laughter!

∆ # ### ... ..# #.. #.# #
... #..##.#.# #...#
#.....#.# ... #.....>.#
###... ## #.#####.# #.....
.# #.....@5######.##.#..#
.#######......#.##.#..##
.........####.#.##......
..######.####.#.##.#...#
#...............#
..#######....#.#..<......
..........................
..............(...........
.≈.≈≈..≈..≈≈≈≈.≈≈≈....≈≈≈.


You could see Grinder.

Vanquished Creatures
  3 adders (D:2)
  3 orcs (D:3)
  A bat (D:3)
  A giant cockroach (D:2)
  A goblin (D:2)
  2 hobgoblins (D:2)
  5 kobolds (D:3)
  A giant newt (D:2)
17 creatures vanquished.

Notes
Turn   | Place    | Note
--------------------------------------------------------------
     0 | D:1      | 4tharraofdagon, the Troll Chaos Knight, began the quest for the Orb.
     0 | D:1      | Reached XP level 1. HP: 22/22 MP: 1/1
    80 | D:2      | Reached XP level 2. HP: 29/29 MP: 1/1
    82 | D:2      | XOM: divination: detect items
   154 | D:2      | Reached XP level 3. HP: 36/36 MP: 2/2
   237 | D:3      | Reached skill level 4 in Unarmed Combat
   253 | D:3      | XOM: give mutation
   253 | D:3      | Gained mutation: You are weak. (Str -2) [Xom's mischief]
   254 | D:3      | thx
   314 | D:3      | Noticed Grinder
   314 | D:3      | XOM: confuse monster(s)
   319 | D:3      | Paralysed by Grinder for 3 turns
   321 | D:3      | XOM: divination: detect items
   325 | D:3      | Paralysed by Grinder for 7 turns
   334 | D:3      | Paralysed by Grinder for 6 turns
   338 | D:3      | HP: 1/36 [Grinder (9)]
   338 | D:3      | Slain by Grinder

Action                   || total
-------------------------++-------
Melee: Unarmed           ||    62
  Use: Potion            ||     3
 Stab: Sleeping          ||     1
